 Dungeon Crawl Stone Soup version 0.31-a0-846-gb3bcc0d938 (webtiles) character file.

Game seed: 2258934009434274340

48 javelincjr the Changeling (level 3, -4/36 HPs)
             Began as an Ogre Shapeshifter on Oct 3, 2023.
             Was an Initiate of Gozag.
             Slain by an iguana (13 damage)
             ... on level 4 of the Dungeon.
             The game lasted 00:06:02 (2159 turns).

javelincjr the Changeling (Ogre Shapeshifter)       Turns: 2159, Time: 00:06:03

Health: -4/36      AC:  3    Str: 20    XL:     3   Next: 72%
Magic:  3/3        EV:  9    Int: 11    God:    Gozag
Gold:   197        SH:  0    Dex:  8    Spells: 2/2 levels left

rFire   . . .        q - +0 hand axe (vamp)
rCold   . . .        (no shield)
rNeg    . . .        a - +0 animal skin
rPois   .            (helmet currently unavailable)
rElec   .            (cloak currently unavailable)
rCorr   .            (gloves unavailable)
SInv    .            (boots unavailable)
Will    .....        (no amulet)
Stlth   +            (no ring)
HPRegen 0.26/turn    (no ring)
MPRegen 0.08/turn

%: no passive effects
@: beast-form
A: beast (slay +2), large, unfitting armour, tough skin 1
a: Begin Untransformation, Renounce Religion, Potion Petition, Call Merchant,
Bribe Branch


You were on level 4 of the Dungeon.
You worshipped Gozag.
Gozag was aware of your devotion.
You were a hulking beast.
You visited 1 branch of the dungeon, and saw 4 of its levels.

You collected 197 gold pieces.

Inventory:

Hand Weapons
 e - a +0 hand axe
 q - a +0 vampiric hand axe (weapon)
Missiles
 f - 5 large rocks (quivered)
 k - 2 boomerangs
 m - 6 poisoned darts
Armour
 a - a +0 animal skin (worn)
 j - a +0 cloak
Talismans
 c - a beast talisman (active)
 d - a flux talisman
Scrolls
 g - 3 scrolls of identify {unknown}
 i - 2 scrolls of immolation {unknown}
 n - a scroll of fog {unknown}
 o - a scroll of fear {unknown}
Potions
 b - 2 potions of lignification
 h - a potion of enlightenment {unknown}
 l - 2 potions of curing {unknown}
 p - a potion of ambrosia {unknown}


   Skills:
 + Level 2.4 Fighting
 + Level 2.2 Dodging
 + Level 3.1 Unarmed Combat
 * Level 3.5 Shapeshifting


You had 2 spell levels left.
You didn't know any spells.
Your spell library contained the following spells:

 Spells                   Type           Power      Damage    Failure   Level
 Volatile Blastmotes      Fire/Tloc      0%         2d10      71%         3
 Fulminant Prism          Conj/Hex       0%         3d5       98%         4
 Iskenderun's Mystic Bla  Conj/Tloc      0%         2d3       98%         4


Dungeon Overview and Level Annotations

Branches:
Dungeon (4/15)
 Temple: D:4-7

Altars:
Gozag
Hepliaklqana


Innate Abilities, Weirdness & Mutations

You are a hulking beast.
Your limbs bulge with bestial killing power. (Slay +2)
You are too large for most types of armour.
You have tough skin. (AC +1)


Message History

A malevolent force fills the Dungeon...
You fall into a shaft and drop 1 floor!
The shaft crumbles and collapses.
Found two stone staircases leading down.
b - 2 potions of lignification (gained 1)
There is a stone staircase leading down here.
An iguana comes into view.
Found a sharpened copper wand.
The iguana hisses angrily.
You closely miss the iguana. The iguana bites you.
You barely miss the iguana. The iguana barely misses you.
You closely miss the iguana.
The iguana bites you but does no damage.
You hit the iguana.
The iguana is lightly wounded.
The iguana bites you. The iguana bites you!
You hit the iguana but do no damage.
The iguana is lightly wounded.
The iguana barely misses you.
You hit the iguana.
The iguana is moderately wounded.
The iguana bites you!
You are too injured to fight recklessly!
You are too injured to fight recklessly!
You hit the iguana.
The iguana is heavily wounded.
The iguana barely misses you. The iguana bites you.
You barely miss the iguana.
The iguana is heavily wounded.
The iguana bites you.
You barely miss the iguana.
The iguana is heavily wounded.
The iguana bites you.
* * * LOW HITPOINT WARNING * * *
You hit the iguana but do no damage.
The iguana is heavily wounded.
The iguana bites you but does no damage.
The iguana bites you!
You die...
Your body crumbles into a pile of gold.

######## #......#
#.####.# # #.# #.#
... #.# #.###....#
#.# #.hl.../#
#####.########.#.#
#.....>..#
#.###.##.#
#.###.##.#
#.#...##.#
#........#
###.#...####
#>.......+


You could see an iguana.

Vanquished Creatures
  A dart slug (D:2)
  2 bats (D:2)
  3 endoplasms
  3 giant cockroaches
  6 hobgoblins
  4 jackals (D:2)
  A quokka (D:2)
  A ball python (D:2)
  4 frilled lizards
  7 goblins
  4 kobolds
  4 rats
40 creatures vanquished.

Notes
Turn   | Place    | Note
-------+----------+-------------------------------------------
     0 | D:1      | javelincjr the Ogre Shapeshifter began the quest for the
                  | Orb.
     0 | D:1      | Reached XP level 1. HP: 19/19 MP: 1/1
   263 | D:1      | Reached XP level 2. HP: 24/28 MP: 2/2
   843 | D:1      | Found a faded altar of an unknown god.
   850 | D:1      | Prayed at the altar of an unknown god.
   850 | D:1      | Became a worshipper of Gozag Ym Sagoz the Greedy
  1011 | D:2      | Reached XP level 3. HP: 28/35 MP: 3/3
  1100 | D:2      | Found a hazy altar of Hepliaklqana.
  2122 | D:3      | You fall into a shaft and drop 1 floor!
  2159 | D:4      | Slain by an iguana

Illustrated notes

Levels and vault maps discovered:
D:1:      amcnicky_arrival_abandoned_market, layout_basic,
          basic_ecumenical_altar
D:2:      layout_loops_corners, basic_altar, lightli_corner_chamber
D:3:      layout_loops_ring, overflow_temple_1_default,
          cheibrodos_sewer_entry_sluice, grunt_decor_clamped,
          nrook_mini_backslash, st_stairs_3, uniq_robin
D:4:      layout_loops_corners

Skill      XL: |  1  2  3 |
---------------+----------+-----
Dodging        | 2 |  2.2
Fighting       | 2 |  2.4
Unarmed Combat | 3 |  3.1
Shapeshifting  | |  3.5

Action                     || total
---------------------------++-------
  Melee: Hand axe          ||   131
         Punch             ||     2
   Stab: Sleeping          ||     2
 Armour: Animal skin       ||   106
  Dodge: Dodged            ||    55

Table legend: (Time is in decaauts)
 A = Elapsed time spent in this place.
 B = Non-inter-level travel time spent in this place.
 C = Inter-level travel time spent in this place.
 D = Time resting spent in this place.
 E = Time spent auto-exploring this place.
 F = Levels seen in this place.
 G = Mean time per level.
                   A        B        C        D        E       F      G
               +--------+--------+--------+--------+--------+-----+--------+
         Total |   2196 |   2154 |     42 |      0 |   1771 |   4 |  549.0 |
       Dungeon |   2196 |   2154 |     42 |      0 |   1771 |   4 |  549.0 |
               +--------+--------+--------+--------+--------+-----+--------+

Top non-repeatable levels by time:
     D:1: 1008 daAuts
     D:2: 1002 daAuts
     D:3: 146 daAuts
     D:4: 39 daAuts
